 Dungeon Crawl Stone Soup version 0.26.1-10-gdfb7c7de75 (webtiles) character file.

Game seed: 6896508686462929416

3461 Almogavar the Protected (level 10, -1/77 HPs)
             Began as a Gnoll Wanderer on Apr 7, 2021.
             Was a Follower of Makhleb.
             Slain by an orc warrior
             ... wielding a +0 battleaxe
              (11 damage)
             ... in a bailey.
             The game lasted 00:19:44 (8937 turns).

Almogavar the Protected (Gnoll Wanderer)            Turns: 8937, Time: 00:19:45

Health: -1/77      AC: 22    Str: 18    XL:     10   Next: 6%
Magic:  0/17       EV: 10    Int: 15    God:    Makhleb [*.....]
Gold:   696        SH:  0    Dex: 14    Spells: 18/18 levels left

rFire    . . .     SeeInvis .   f - +1 dire flail (protect)
rCold    . . .     Faith    .   (shield currently unavailable)
rNeg     . . .     Spirit   +   x - +4 chain mail of Absolutism {Harm rElec Will-}
rPois    .         Reflect  .   (no helmet)
rElec    +         Harm     +   (no cloak)
rCorr    .         Rampage  .   (no gloves)
Will     .....                  (no boots)
Stlth    ..........             g - amulet of guardian spirit
HPRegen  0.22/turn              n - ring of wizardry
MPRegen  0.15/turn              (no ring)

@: protection aura
A: distributed training, fangs 1, strong nose
a: Renounce Religion


You were in a bailey.
You worshipped Makhleb.
Makhleb was aware of your devotion.
You visited 2 branches of the dungeon, and saw 9 of its levels.
You also visited: Bailey.

You collected 696 gold pieces.

Inventory:

Hand Weapons
 f - a +1 dire flail of protection (weapon)
 u - a +4 flail
Missiles
 c - 10 boomerangs (quivered)
 y - 15 javelins
Armour
 o - a +0 chain mail
 x - the +4 chain mail of Absolutism (worn) {Harm rElec Will-}
   (You found it on level 6 of the Dungeon)

   It insulates you from electricity.
   It affects your willpower, your defense against some magical effects.
   It increases damage dealt and taken.
 B - +0 acid dragon scales
Jewellery
 g - an amulet of guardian spirit (around neck)
 n - a ring of wizardry (left hand)
Wands
 b - a wand of digging (2)
 j - a wand of random effects (34)
 w - a wand of enslavement (11)
Scrolls
 a - a scroll of fog
 i - 10 scrolls of teleportation
 p - 2 scrolls of magic mapping {unknown}
 q - 5 scrolls of remove curse
 s - a scroll of enchant armour {unknown}
 t - a scroll of blinking {unknown}
 v - a scroll of enchant weapon {unknown}
 A - a scroll of immolation {unknown}
Potions
 d - 2 potions of ambrosia
 h - 2 potions of resistance {unknown}
 k - a potion of attraction {unknown}
 l - a potion of invisibility {unknown}
 m - a potion of magic {unknown}
 r - a potion of haste {unknown}
 z - a potion of mutation {unknown}


   Skills:
 + Level 6.8 Fighting
 + Level 4.9 Short Blades
 + Level 4.9 Long Blades
 + Level 5.6 Axes
 + Level 5.6 Maces & Flails
 + Level 4.9 Polearms
 + Level 4.9 Staves
 + Level 4.9 Slings
 + Level 4.9 Bows
 + Level 4.9 Crossbows
 + Level 6.8 Throwing
 + Level 9.8 Armour
 + Level 4.9 Dodging
 + Level 4.9 Stealth
 + Level 4.9 Shields
 + Level 4.9 Unarmed Combat
 + Level 4.9 Spellcasting
 + Level 4.0 Conjurations
 + Level 4.0 Hexes
 + Level 4.0 Summonings
 + Level 4.0 Necromancy
 + Level 4.0 Translocations
 + Level 4.0 Transmutations
 + Level 4.0 Fire Magic
 + Level 4.0 Ice Magic
 + Level 4.0 Air Magic
 + Level 4.0 Earth Magic
 + Level 4.0 Poison Magic
 + Level 5.3 Invocations
 + Level 4.9 Evocations


You had 18 spell levels left.
You didn't know any spells.
Your spell library contained the following spells:

 Spells                   Type           Power        Failure   Level
 Magic Dart               Conj           60%          11%         1
 Summon Small Mammal      Summ           60%          11%         1
 Call Imp                 Summ           15%          16%         2
 Searing Ray              Conj           30%          16%         2
 Call Canine Familiar     Summ           15%          32%         3
 Dazzling Flash           Conj/Hex       30%          32%         3
 Summon Guardian Golem    Hex/Summ       15%          32%         3
 Fulminant Prism          Conj/Hex       7%           69%         4
 Iskenderun's Mystic Bla  Conj/Tloc      15%          69%         4
 Summon Ice Beast         Ice/Summ       15%          69%         4
 Summon Lightning Spire   Summ/Air       15%          69%         4


Dungeon Overview and Level Annotations

Branches:
Dungeon (8/15)             Temple (1/1) D:6          Bailey (1/1)
   Lair: D:8-11

Altars:
Ashenzari
Cheibriados
Dithmenos
Elyvilon
Fedhas
Gozag
Hepliaklqana
Kikubaaqudgha
Makhleb
Nemelex Xobeh
Qazlal
Ru
Sif Muna
Trog
Uskayaw
Vehumet
Wu Jian
Yredelemnul
Zin
The Shining One

Shops:
D:6 [


Innate Abilities, Weirdness & Mutations

Your experience applies equally to all skills.
You have very sharp teeth.
Your uncanny sense of smell can sniff out nearby items.


Message History

The kobold demonologist gestures wildly while chanting.
The ice devil hits you but does no damage.
You closely miss the orc warrior.
The orc warrior is heavily wounded.
The red devil hits you but does no damage.
The orc warrior closely misses you.
The ice devil hits you but does no damage.
You hit the orc warrior but do no damage.
Your weapon exudes an aura of protection.
The orc warrior is heavily wounded.
The red devil barely misses you.
The orc warrior hits you with a +0 battleaxe!!
* * * LOW HITPOINT WARNING * * *
The ice devil barely misses you.
You feel much better.
The red devil hits you but does no damage.
The ice devil hits you! The ice devil freezes you!
* * * LOW HITPOINT WARNING * * *
The orc warrior hits you with a +0 battleaxe!
You die...

....≈≈≈≈≈.#.....#
..........'.....#
..........)).⌠..#
..........')....# #
....≈≈≈≈≈.#)....# .#.
....≈≈≈≈≈.#''#####
..#.
###.≈≈≈≈≈.#......#
o..#.
#≈≈≈≈≈≈.#......#4...#
#≈≈≈≈≈######..@oK5.#
#≈≈≈≈≈# #.84858.+
#≈≈≈≈≈# #..g5...#
#≈≈≈≈≈# #######+#
#≈≈≈≈≈#∆ #≈≈≈≈≈#


You could see an orc high priest, an ice devil (summoned), a kobold
demonologist, a red devil (summoned), an orc warrior, 2 iron imps, a quasit
(summoned) and a goblin.

Vanquished Creatures
  Joseph (D:7)
  The ghost of Eitelfritz the Slasher, a novice HOFi (D:6)
  Maggie (D:7)
  Edmund (D:4)
  Duvessa (D:7)
  A black bear (D:3)
  2 phantoms
  2 ice beasts
  2 sky beasts
  3 centaurs
  Blork the orc (D:6)
  4 bullfrogs
  Dowan (D:7)
  A scorpion (D:4)
  3 wights (D:7)
  An electric eel (Bailey)
  3 bullfrog zombies (D:5)
  3 hounds
  A quasit (D:7)
  A jelly (D:5)
  A centaur skeleton (D:6)
  An orc priest (D:6)
  3 orc wizards
  4 iguanas
  2 worker ants (D:5)
  A worker ant zombie (D:3)
  11 adders
  10 gnolls
  2 white imps
  2 oozes
  4 dart slugs
  5 leopard geckos
  15 orcs
  12 giant cockroaches
  11 goblins
  9 hobgoblins
  8 jackals
  3 quokkas
  3 ball pythons
  2 bats
  3 frilled lizards
  10 kobolds
  A leopard gecko zombie (D:6)
  6 rats
163 creatures vanquished.

Vanquished Creatures (others)
  An orc wizard (D:8)
1 creature vanquished.

Grand Total: 164 creatures vanquished

Notes
Turn   | Place    | Note
-------+----------+-------------------------------------------
     0 | D:1      | Almogavar the Gnoll Wanderer began the quest for the Orb.
     0 | D:1      | Almogavar set off with the following items: a +2 mace, a +0
                  | ring mail, a potion of curing
     0 | D:1      | Reached XP level 1. HP: 20/20 MP: 1/1
    52 | D:1      | Reached XP level 2. HP: 26/26 MP: 2/2
   554 | D:1      | Reached XP level 3. HP: 27/31 MP: 3/3
   920 | D:1      | Reached skill level 1 in Invocations
  1194 | D:2      | Reached skill level 1 in Short Blades
  1194 | D:2      | Reached skill level 1 in Long Blades
  1194 | D:2      | Reached skill level 1 in Polearms
  1194 | D:2      | Reached skill level 1 in Staves
  1194 | D:2      | Reached skill level 1 in Slings
  1194 | D:2      | Reached skill level 1 in Bows
  1194 | D:2      | Reached skill level 1 in Crossbows
  1194 | D:2      | Reached skill level 1 in Dodging
  1194 | D:2      | Reached skill level 1 in Stealth
  1194 | D:2      | Reached skill level 1 in Shields
  1194 | D:2      | Reached skill level 1 in Unarmed Combat
  1194 | D:2      | Reached skill level 1 in Spellcasting
  1194 | D:2      | Reached skill level 1 in Evocations
  1277 | D:2      | Found a sacrificial altar of Ru.
  1337 | D:2      | Reached XP level 4. HP: 36/38 MP: 5/5
  1567 | D:2      | Reached skill level 1 in Conjurations
  1567 | D:2      | Reached skill level 1 in Hexes
  1567 | D:2      | Reached skill level 1 in Summonings
  1567 | D:2      | Reached skill level 1 in Necromancy
  1567 | D:2      | Reached skill level 1 in Translocations
  1567 | D:2      | Reached skill level 1 in Transmutations
  1567 | D:2      | Reached skill level 1 in Fire Magic
  1567 | D:2      | Reached skill level 1 in Ice Magic
  1567 | D:2      | Reached skill level 1 in Air Magic
  1567 | D:2      | Reached skill level 1 in Earth Magic
  1567 | D:2      | Reached skill level 1 in Poison Magic
  2106 | D:2      | Reached XP level 5. HP: 28/43 MP: 6/6
  2570 | D:3      | HP: 2/43 [gnoll/+0 halberd (5)]
  2967 | D:3      | Found a blossoming altar of Fedhas.
  3207 | D:3      | Noticed a black bear
  3211 | D:3      | Found a basalt altar of Yredelemnul.
  3259 | D:3      | Found a transporter.
  3275 | D:3      | Found a transporter.
  3497 | D:3      | Found a blossoming altar of Fedhas.
  3664 | D:3      | Killed a black bear
  3665 | D:3      | Reached XP level 6. HP: 50/50 MP: 6/8
  3668 | D:3      | Reached skill level 5 in Fighting
  3668 | D:3      | Reached skill level 5 in Throwing
  3805 | D:4      | Noticed a phantom
  3822 | D:4      | Killed a phantom
  3823 | D:4      | Reached XP level 7. HP: 46/56 MP: 8/10
  3912 | D:4      | Noticed Edmund
  3934 | D:4      | Killed Edmund
  4659 | D:5      | Entered Level 5 of the Dungeon
  4755 | D:5      | Reached skill level 9 in Armour
  4775 | D:5      | Reached XP level 8. HP: 15/63 MP: 5/12
  5456 | D:5      | Found a hide-covered altar of Uskayaw.
  5645 | D:5      | Found a stormy altar of Qazlal.
  5660 | D:5      | Noticed an air elemental
  5660 | D:5      | Noticed a water elemental
  6342 | D:6      | Got a pitted chain mail
  6353 | D:6      | Identified the +4 chain mail of Absolutism {Harm rElec
                  | Will-} (You found it on level 6 of the Dungeon)
  6845 | D:6      | Found a runed translucent door.
  6977 | D:6      | Noticed Eitelfritz's ghost (novice HOFi)
  7056 | D:6      | Noticed Blork the orc
  7064 | D:6      | Killed Blork the orc
  7065 | D:6      | Reached XP level 9. HP: 64/67 MP: 14/14
  7155 | D:6      | Found a staircase to the Ecumenical Temple.
  7234 | D:6      | Found Ponlul's Antique Armour Boutique.
  7258 | Temple   | Entered the Ecumenical Temple
  7439 | Temple   | Became a worshipper of Makhleb the Destroyer
  7701 | D:6      | Killed Eitelfritz's ghost
  7906 | D:7      | Reached skill level 5 in Axes
  7906 | D:7      | Reached skill level 5 in Maces & Flails
  8216 | D:7      | Noticed Duvessa
  8216 | D:7      | Noticed Dowan
  8229 | D:7      | Killed Duvessa
  8240 | D:7      | Killed Dowan
  8241 | D:7      | Reached skill level 5 in Invocations
  8446 | D:7      | Noticed Joseph
  8456 | D:7      | Killed Joseph
  8675 | D:7      | Noticed Maggie
  8682 | D:7      | Killed Maggie
  8683 | D:7      | Reached XP level 10. HP: 53/77 MP: 11/17
  8843 | D:8      | Found a flagged portal.
  8855 | D:8      | Reached * piety under Makhleb
  8865 | Bailey   | Entered a bailey
  8916 | Bailey   | Noticed a kobold demonologist
  8922 | Bailey   | Noticed an orc high priest
  8937 | Bailey   | Slain by an orc warrior

Illustrated notes

Levels and vault maps discovered:
D:1:      lemuel_arrival_hallway, layout_basic
D:2:      layout_basic, nicolae_ru_awakened_eye
D:3:      layout_basic, gammafunk_temple_overflow_arena, lemuel_crystal_altar,
          cheibrodos_sewer_entry_drain, serial_bayou_pond_d, st_stairs_5,
          fedhas_altar_4
D:4:      layout_basic, uniq_edmund
D:5:      layout_rooms, lemuel_round_altar, nicolae_qazlal_style_of_elements
D:6:      layout_basic, minmay_temple_entry_proselytizer, ebering_ghost_sewer_d,
          serial_shops, shop_coins, uniq_blork_the_orc
D:7:      layout_gridville, chequers_serial_rivers_micro_e,
          corexii_leaking_fountain, uniq_duvessa, uniq_maggie, uniq_joseph
D:8:      layout_loops_ring, xom_confusion_cloud, david_lair_shrubbed,
          serial_shops, shop_fountains, enter_bailey_5,
          ebering_ghost_disaster_area, minmay_misc_feat_room
Temple:   eino_temple_scatter_basement
Bailey:   bailey_axe_of_yendor_kennysheep, bailey

Skill      XL: |  1  2  3  4  5  6  7  8  9 |
---------------+----------------------------+-----
Invocations    | 1 2 3 4 5 |  5.3
Short Blades   | 1 2 3 4 |  4.9
Long Blades    | 1 2 3 4 |  4.9
Polearms       | 1 2 3 4 |  4.9
Staves         | 1 2 3 4 |  4.9
Slings         | 1 2 3 4 |  4.9
Bows           | 1 2 3 4 |  4.9
Crossbows      | 1 2 3 4 |  4.9
Dodging        | 1 2 3 4 |  4.9
Stealth        | 1 2 3 4 |  4.9
Shields        | 1 2 3 4 |  4.9
Unarmed Combat | 1 2 3 4 |  4.9
Spellcasting   | 1 2 3 4 |  4.9
Evocations     | 1 2 3 4 |  4.9
Conjurations   | 1 2 3 4 |  4.0
Hexes          | 1 2 3 4 |  4.0
Summonings     | 1 2 3 4 |  4.0
Necromancy     | 1 2 3 4 |  4.0
Translocations | 1 2 3 4 |  4.0
Transmutations | 1 2 3 4 |  4.0
Fire Magic     | 1 2 3 4 |  4.0
Ice Magic      | 1 2 3 4 |  4.0
Air Magic      | 1 2 3 4 |  4.0
Earth Magic    | 1 2 3 4 |  4.0
Poison Magic   | 1 2 3 4 |  4.0
Axes           | 3 4 5 |  5.6
Maces & Flails | 3 4 5 |  5.6
Fighting       | 5 6 |  6.8
Throwing       | 5 6 |  6.8
Armour         | 9 |  9.8

Action                   |  1- 3 |  4- 6 |  7- 9 | 10-12 || total
-------------------------+-------+-------+-------+-------++-------
Melee: Mace              |   107 |   135 |    29 |       ||   271
       Bite              |    10 |    10 |    42 |     1 ||    63
       Dire flail        |       |       |   284 |    32 ||   316
Throw: Boomerang         |     5 |    24 |     1 |    15 ||    45
       Javelin           |       |       |    29 |       ||    29
  Use: Scroll            |       |     5 |     3 |     1 ||     9
       Potion            |       |     3 |       |     2 ||     5
Armor: Ring mail         |    35 |       |       |       ||    35
       Scale mail        |    33 |    67 |       |       ||   100
       Chain mail        |       |    36 |   281 |    31 ||   348
Dodge: Dodged            |    88 |   105 |   187 |    43 ||   423
